 Dungeon Crawl Stone Soup version 0.30-a0-365-ge7f957f1db (webtiles) character file.

Game seed: 11564257460033925264

11 HolyTactitian the Magician (level 2, 0/22 HPs)
             Began as a Naga Hedge Wizard on Nov 16, 2022.
             Frozen to death by an endoplasm (5 damage)
             ... on level 1 of the Dungeon.
             The game lasted 00:02:53 (315 turns).

HolyTactitian the Magician (Naga Hedge Wizard)       Turns: 315, Time: 00:02:53

Health: 0/22       AC:  1    Str: 12    XL:     2   Next: 29%
Magic:  5/6        EV:  9    Int: 14    God:
Gold:   17         SH:  0    Dex: 10    Spells: 6/7 levels left

rFire   . . .      SeeInvis +    a - +0 dagger
rCold   . . .      Faith    .    (no shield)
rNeg    . . .      Spirit   .    b - +0 robe
rPois   +          Reflect  .    c - +0 hat
rElec   .          Harm     .    (no cloak)
rCorr   .          Rampage  .    (no gloves)
Will    .....                    (no barding)
Stlth   ++........               (no amulet)
HPRegen 0.23/turn                (no ring)
MPRegen 0.10/turn                (no ring)

@: very slow
A: AC +0, large, see invisible, deformed body, poison resistance, slowness 2,
spit poison 1, naga tail 1
a: Spit Poison


You were on level 1 of the Dungeon.
You visited 1 branch of the dungeon, and saw 1 of its levels.

You collected 17 gold pieces.

Inventory:

Hand Weapons
 a - a +0 dagger (weapon)
Armour
 b - a +0 robe (worn)
 c - a +0 hat (worn)
 f - a +0 ring mail
Scrolls
 e - a scroll of enchant weapon {unknown}
 g - a scroll of fear {unknown}
 h - 2 scrolls of teleportation {unknown}
Potions
 d - a potion of magic


   Skills:
 + Level 1.7 Dodging
 + Level 3.0 Stealth
 + Level 3.2 Spellcasting
 + Level 1.4 Conjurations
 + Level 1.0 Summonings
 + Level 1.0 Translocations


You had 6 spell levels left.
You knew the following spells:

 Your Spells              Type           Power      Damage    Failure   Level
a - Magic Dart            Conj           24%        1d4       12%         1

Your spell library contained the following spells:

 Spells                   Type           Power      Damage    Failure   Level
 Slow                     Hex            8%         N/A       22%         1
 Blink                    Tloc           10%        N/A       22%         2
 Call Imp                 Summ           5%         N/A       22%         2
 Cigotuvi's Dreadful Rot  Necr/Pois/Air  4%         N/A       32%         2
 Mephitic Cloud           Conj/Pois/Air  3%         N/A       45%         3


Dungeon Overview and Level Annotations

Branches:
Dungeon (1/15)

Altars:

Shops:
D:1 =


Innate Abilities, Weirdness & Mutations

Your serpentine skin is tough. (AC +0)
You have supernaturally acute eyesight. (SInv)
Armour fits poorly on your strangely shaped body.
Your system is resistant to poisons. (rPois)
You cover ground very slowly.
You can spit poison.
You have a snake-like lower body.


Message History

Aim: a rat (moderately wounded, 100% to hit)
The magic dart hits the rat.
You kill the rat!
h - 2 scrolls labelled CUICZE YFRENOR (gained 1)
You open the door.
There is an open door here.
A frilled lizard comes into view.
The helpless frilled lizard fails to defend itself.
You puncture the frilled lizard!
You kill the frilled lizard!
You see here a frilled lizard corpse.
An endoplasm comes into view.
An endoplasm comes into view.
The endoplasm quivers.
The endoplasm freezes you.
You are frozen.
The endoplasm barely misses you. The endoplasm closely misses you.
You hit the endoplasm but do no damage.
The endoplasm quivers.
The endoplasm hits you.
You hit the endoplasm.
The endoplasm is lightly wounded.
The endoplasm hits you. x2
You hit the endoplasm but do no damage. The endoplasm freezes you.
You are frozen.
The endoplasm freezes you.
You are frozen.
* * * LOW HITPOINT WARNING * * *
Aiming: Magic Dart (safe; 12% risk of failure)
Press: ? - help, Q - select action, (/) - cycle Shift-Dir - straight line, f - endoplasm
Aim: an endoplasm (100% to hit)
The magic dart hits the endoplasm but does no damage.
The endoplasm hits you.
* * * LOW HITPOINT WARNING * * *
The endoplasm barely misses you.
You hit the endoplasm but do no damage. The endoplasm freezes you.
You are frozen.
You die...

######### #........
#.....# ####JJ.#
#....@.# #.###..#
#.###..# ..# #.##...#
..# #.##...#####..##
#.##...........##
#......####.....##
######.†#####.......##
#.......####.........#


You could see 2 endoplasms.

Vanquished Creatures
  A dart slug (D:1)
  A bat (D:1)
  An endoplasm (D:1)
  A goblin (D:1)
  A hobgoblin (D:1)
  2 ball pythons (D:1)
  A frilled lizard (D:1)
  A rat (D:1)
9 creatures vanquished.

Notes
Turn   | Place    | Note
-------+----------+-------------------------------------------
     0 | D:1      | HolyTactitian the Naga Hedge Wizard began the quest for the
                  | Orb.
     0 | D:1      | Reached XP level 1. HP: 15/15 MP: 4/4
    40 | D:1      | Found Hyeg's Jewellery Shoppe.
   170 | D:1      | Reached XP level 2. HP: 9/22 MP: 1/6
   315 | D:1      | Frozen to death by an endoplasm

Illustrated notes

Levels and vault maps discovered:
D:1:      wheals_arrival_shading, layout_loops_corners, serial_shops,
          nicolae_shop_waterfront, shop, kennysheep_decorative_pillar,
          fountainhead

Action                   || total
-------------------------++-------
Melee: Dagger            ||    25
 Cast: Magic Dart        ||    14
 Stab: Sleeping          ||     1
Armor: Robe              ||     3
Dodge: Dodged            ||    16

Table legend: (Time is in decaauts)
 A = Elapsed time spent in this place.
 B = Non-inter-level travel time spent in this place.
 C = Inter-level travel time spent in this place.
 D = Time resting spent in this place.
 E = Time spent auto-exploring this place.
 F = Levels seen in this place.
 G = Mean time per level.
                   A        B        C        D        E       F      G
               +--------+--------+--------+--------+--------+-----+--------+
         Total |    391 |    391 |      0 |     76 |      0 |   1 |  391.0 |
       Dungeon |    391 |    391 |      0 |     76 |      0 |   1 |  391.0 |
               +--------+--------+--------+--------+--------+-----+--------+

Top non-repeatable levels by time:
     D:1: 391 daAuts
